 Dungeon Crawl Stone Soup version 0.25.1-2-g60ff931df9 (webtiles) character file.

Game seed: 18403124321919251038

37 soggyman666 the Shield-Bearer (level 3, 14/33 HPs)
             Began as a Minotaur Fighter on Nov 4, 2020.
             Quit the game on level 2 of the Dungeon.
             The game lasted 00:02:20 (1055 turns).

soggyman666 the Shield-Bearer (Minotaur Fighter)    Turns: 1055, Time: 00:02:21

Health: 14/33      AC:  7    Str: 21      XL:     3   Next: 21%
Magic:  2/2        EV:  7    Int:  4 (5)  God:
Gold:   41         SH: 10    Dex:  9      Spells: 2/2 levels left

rFire    . . .     SeeInvis .   a - +0 war axe
rCold    . . .     Gourm    .   c - +1 kite shield
rNeg     . . .     Faith    .   b - +0 scale mail
rPois    .         Spirit   .   (helmet restricted)
rElec    .         Reflect  .   (no cloak)
rCorr    .         Harm     .   (no gloves)
MR       .....                  (no boots)
Stlth    ..........             (no amulet)
HPRegen  0.00/turn              (no ring)
MPRegen  0.08/turn              (no ring)

@: no status effects
A: retaliatory headbutt, horns 2, deterioration 1, sense surroundings 1,
inhibited regeneration
a: no special abilities


You were on level 2 of the Dungeon.
You were hungry.

You visited 1 branch of the dungeon, and saw 2 of its levels.

You collected 41 gold pieces.

Inventory:

Hand Weapons
 a - a +0 war axe (weapon)
Armour
 b - a +0 scale mail (worn)
 c - a +1 kite shield (worn)
Potions
 d - 2 potions of might
 g - a potion of degeneration {unknown}
 k - a potion of curing {unknown}
 m - a potion of resistance {unknown}
Comestibles
 f - 3 rations


   Skills:
 + Level 4.1 Fighting
 + Level 2.9 Axes
 + Level 4.1 Armour
 + Level 4.2 Shields


You had 2 spell levels left.
You didn't know any spells.
Your spell library was empty.

Dungeon Overview and Level Annotations

Branches:
Dungeon (2/15)

Altars:


Innate Abilities, Weirdness & Mutations

You reflexively headbutt those who attack you in melee.
You have a pair of horns on your head.
Your body sometimes deteriorates upon taking damage.
You passively map a small area around you.
You do not regenerate when monsters are visible.


Message History

An adder is nearby!
You are too injured to fight recklessly!
An adder is nearby!
You are too injured to fight recklessly!
An adder is nearby!
You are too injured to fight recklessly!
You are too injured to fight recklessly!
An adder is nearby!
You are too injured to fight recklessly!
An adder is nearby!
You are too injured to fight recklessly!
An adder is nearby!
You are too injured to fight recklessly!
You are too injured to fight recklessly!
Unknown command.
You are too injured to fight recklessly!
You are too injured to fight recklessly!
Quiver which item? (- for none, * to show all) (? for menu, Esc to quit)
Okay, then.
Are you sure you want to abandon this character and quit the game? (Confirm with "yes".)

* , #### *,###...##
, #......, # ,,
,#.#...###. , , #.
, , #.#..?...., ,
**
##.#######†#.......
,
#........#?#S......
#.....#....@.......
.........#.###..<#.
#.#..............<
* ##.###.#########
# #.....<....... ,
##.########### , ,
,,, ** * , , , , ,
,, ,


You could see an adder.

Vanquished Creatures
  A worm (D:2)
  A dart slug (D:1)
  A leopard gecko (D:1)
  2 ball pythons (D:1)
  2 giant cockroaches (D:1)
  2 goblins (D:1)
  7 hobgoblins (D:1)
  4 kobolds
  4 bats (D:1)
  2 frilled lizards (D:1)
  2 rats
  2 bushes (D:1)
  A plant (D:1)
31 creatures vanquished.

Vanquished Creatures (others)
  A plant (D:1)
1 creature vanquished.

Grand Total: 32 creatures vanquished

Notes
Turn   | Place    | Note
-------+----------+-------------------------------------------
     0 | D:1      | soggyman666 the Minotaur Fighter began the quest for the
                  | Orb.
     0 | D:1      | Reached XP level 1. HP: 19/19 MP: 0/0
   217 | D:1      | Reached XP level 2. HP: 27/27 MP: 1/1
   570 | D:1      | Reached XP level 3. HP: 30/33 MP: 2/2
  1039 | D:2      | Gained mutation: You do not regenerate when monsters are
                  | visible. [potion of mutation]
  1039 | D:2      | Gained mutation: Your body sometimes deteriorates upon
                  | taking damage. [potion of mutation]
  1039 | D:2      | Gained mutation: You passively map a small area around you.
                  | [potion of mutation]
  1055 | D:2      | Quit the game

Illustrated notes

Levels and vault maps discovered:
D:1:      minmay_arrival_radiant_lines, layout_basic, serial_forest,
          infiniplex_forest_fountain, infiniplex_forest_end_1,
          infiniplex_forest_clump_long, infiniplex_forest_end_2,
          infiniplex_forest_clump_tiny, infiniplex_forest_lined_3
D:2:      layout_basic, gammafunk_temple_overflow_elements, lemuel_doored_altar,
          uniq_natasha

Skill      XL: |  1  2 |
---------------+-------+-----
Shields        | 4 |  4.2
Fighting       | 4 |  4.1
Armour         | 4 |  4.1
Axes           | |  2.9

Action                   || total
-------------------------++-------
Melee: War axe           ||   160
       Headbutt          ||    47
  Use: Scroll            ||     3
       Potion            ||     1
Armor: Scale mail        ||    34
Dodge: Dodged            ||    25
Block: Kite shield       ||    42
